[Event "85th ARM-ch HL 2025"]
[Site "Yerevan"]
[Date "2025.01.20"]
[Round "7.4"]
[White "Hovhannisyan, Robert"]
[Black "Harutyunyan, Tigran K."]
[Result "1/2-1/2"]
[Annotator "TA"]
[ECO "B08"]
[WhiteElo "2626"]
[BlackElo "2513"]
[PlyCount "84"]
[EventDate "2025.01.13"]
[EventType "tourn"]
[EventCountry "ARM"]
[SourceTitle "playchess.com"]
[Source "ChessBase"]
[SourceQuality "1"]
[TimeControl "40/5400+30:1800+30"]

1. e4 d6 2. d4 Nf6 3. Nc3 g6 4. Nf3 Bg7 5. Be3 O-O 6. Qd2 a6 7. Bh6 b5 8. Bd3 Nc6 9. Bxg7 {[%emt 0:06:51] White is slightly better.} (9. a4 {feels hotter.} Bg4 10. e5 Nh5 11. Bxg7 Nxg7 12. Be4) 9... Kxg7 10. d5 Ne5 11. Nxe5 dxe5 12. a4 b4 13. Nd1 a5 14. Qg5 e6 15. dxe6 Bxe6 16. Qxe5 Re8 17. Qc5 {[%emt 0:22:25] Inhibits Bc4.} Bd5 18. Ne3 $1 (18. f3 Bxe4 19. Bxe4 Nxe4 20. fxe4 Rxe4+ 21. Ne3 Qe8 $15) 18... Bxe4 19. O-O-O Qe7 20. Qxe7 Rxe7 21. Bxe4 Nxe4 22. Rhe1 {[%emt 0:00:53] Black must now prevent Nd5.} Re6 (22... Nxf2 $11 {remains equal.} 23. Nf5+ gxf5 24. Rxe7 Nxd1 25. Kxd1 Kf6 26. Rxc7 Re8) 23. Nc4 $16 Nxf2 24. Rxe6 fxe6 {[%emt 0:00:02][%mdl 4096] Endgame. KRN-KRN} (24... Nxd1 $2 25. Re2 Rd8 26. Nd2 $18 (26. Nxa5 f5 $18)) 25. Rd7+ Kf6 26. Kd2 (26. Rxc7 $16 g5 27. Rxh7) 26... c6 ({Black should play} 26... Ne4+ $14 27. Ke3 Nd6 28. Rxc7 (28. Nxd6 cxd6 29. Rxd6 Rc8 $11) 28... Nxc4+ 29. Rxc4 e5) 27. Ke3 {[%emt 0:04:01][%mdl 1024] White has strong compensation.} Ng4+ 28. Kf4 h5 (28... b3 $16 29. cxb3 (29. Kxg4 $2 bxc2 30. Nd6 c1=Q $19) 29... h5) 29. h3 $18 g5+ {[%emt 0:02:07][%cal Bg6g5,Bg5g4][%mdl 32] [#]} 30. Ke4 $1 {[%emt 0:00:24] White is more active.} Nf2+ {[%emt 0:02:02] [#]} (30... Nh6 $16 31. Ne5 b3) 31. Kf3 $1 Nh1 32. Rd1 g4+ 33. Kf4 (33. hxg4 $18 hxg4+ 34. Kf4) 33... e5+ $16 (33... Nf2 $2 34. Rf1 Nxh3+ 35. gxh3 gxh3 36. Kg3+ Ke7 37. Kxh3 $18) 34. Nxe5 gxh3 35. Rxh1 (35. gxh3 $16 Nf2 36. Rd6+ Kg7 37. Re6 (37. Rxc6 Rf8+ 38. Ke3 Nd1+ 39. Ke4 Nxb2 $11)) 35... hxg2 {[%emt 0:00:11] KRN-KR. The position is equal.} 36. Rg1 (36. Rxh5 $2 {too greedy.} g1=Q 37. Ng4+ Ke7 $19) 36... Rg8 37. Nd3 (37. Nf3 $5 Rg4+ $8 38. Ke3 $11) 37... h4 {[%emt 0:00:35] aiming for ...h3.} 38. Nf2 {[%emt 0:00:22] Hoping for Ng4+.} Ke6 39. Nh3 Kd5 40. Nf2 ({Don't blunder} 40. Ng5 $2 Rxg5 (40... Rf8+ $2 41. Ke3 $18) 41. Kxg5 h3 $19) 40... Kc4 41. Ke3 h3 42. Nxh3 {[%emt 0:00:11] And now Nf4 would win.} Rg3+ {[%emt 0:00:07] Blacks defense is rewarded with a draw.   Weighted Error Value: White=0.13 (very precise) /Black=0.15 (very precise) .  Mistake:       	White=3     	Black=4      Inaccurate:     	---       	Black=2      OK:         	White=18    	Black=12     Best:        	White=7     	Black=3      Strong:       	White=3     	---} 1/2-1/2

[Event "85th ARM-ch HL 2025"]
[Site "Yerevan"]
[Date "2025.01.20"]
[Round "7.5"]
[White "Hayrapetyan, Hovik"]
[Black "Grigoryan, Karen H."]
[Result "0-1"]
[Annotator "RC"]
[ECO "A40"]
[WhiteElo "2462"]
[BlackElo "2572"]
[PlyCount "142"]
[EventDate "2025.01.13"]
[EventType "tourn"]
[EventCountry "ARM"]
[SourceTitle "playchess.com"]
[Source "ChessBase"]
[SourceQuality "1"]
[TimeControl "40/5400+30:1800+30"]

1. d4 g6 2. c4 Bg7 3. Nc3 e6 4. Nf3 Ne7 5. e4 d5 6. Be2 dxe4 7. Nxe4 h6 8. O-O Nbc6 9. Qa4 O-O 10. Rd1 Nf5 11. Be3 Ncxd4 12. Nxd4 Nxd4 13. Rxd4 Bxd4 14. Rd1 e5 15. Bxh6 Bf5 16. Ng3 Bd7 17. Qc2 Re8 18. Qc1 Bc6 19. Bg5 Qd6 20. h4 Qc5 21. b4 Qxb4 22. Bf6 Re6 23. Nh5 gxh5 24. Qg5+ Kf8 25. Bxh5 Rxf6 26. Qxf6 Be8 27. Qh6+ Ke7 28. Qg5+ f6 29. Qg7+ Kd8 30. Bxe8 Kxe8 31. Qg8+ Qf8 32. Qe6+ Kd8 33. Rd3 c5 34. Rf3 e4 35. Qxe4 Qe7 36. Qg6 Kc7 37. h5 Qe6 38. Qh7+ Qd7 39. Qg6 Rh8 40. g4 Kb8 41. Kg2 Qe6 42. Qf5 Qxc4 43. h6 Qg8 44. Rh3 Qg5 45. Qxg5 fxg5 46. f4 gxf4 47. Kf3 c4 48. g5 c3 49. Rh2 Rc8 50. Rc2 b5 51. Kxf4 b4 52. Ke4 Bh8 53. Kd3 Rd8+ 54. Kc4 Rg8 55. Rg2 c2 56. Rxc2 Rxg5 57. Kxb4 Rh5 58. Rc6 Be5 59. Rg6 Kc7 60. Kc4 Bd6 61. Rg7+ Kb6 62. h7 a5 63. Rf7 Kc6 64. Kb3 Rh3+ 65. Kc2 a4 66. Ra7 Kb5 67. Rb7+ Kc4 68. Rf7 Rh2+ 69. Kb1 Be5 70. Re7 Kc3 71. a3 Bd4 0-1

[Event "85th ARM-ch HL 2025"]
[Site "Yerevan"]
[Date "2025.01.21"]
[Round "8.1"]
[White "Davtyan, Artur"]
[Black "Grigoryan, Karen H."]
[Result "1/2-1/2"]
[Annotator "TA"]
[ECO "D55"]
[WhiteElo "2458"]
[BlackElo "2572"]
[PlyCount "83"]
[EventDate "2025.01.13"]
[EventType "tourn"]
[EventCountry "ARM"]
[SourceTitle "playchess.com"]
[Source "ChessBase"]
[SourceQuality "1"]
[TimeControl "40/5400+30:1800+30"]

1. d4 Nf6 2. c4 e6 3. Nf3 d5 4. Nc3 Be7 5. Bg5 O-O 6. e3 b6 7. cxd5 Nxd5 8. Bxe7 Qxe7 9. Nxd5 exd5 10. Qb3 Be6 11. Rc1 Rc8 12. Be2 c5 13. Qa3 a5 14. O-O Ra7 15. dxc5 bxc5 16. Rc3 c4 17. Qxe7 $1 Rxe7 18. b3 $1 Rec7 {[%emt 0:18:34] [#]} 19. bxc4 $1 dxc4 20. Nd4 Bd5 21. Rd1 Nd7 22. Nb5 {[%emt 0:19:49] White is more active.} ({Better is} 22. e4 $16 Be6 (22... Bxe4 $2 23. Nb5 $18) 23. f4) 22... Rc5 $11 23. Bg4 Be6 $1 24. Bxe6 fxe6 25. Nd4 (25. Nd6 $5 R8c6 26. Ne4 $11) 25... Rd5 26. Rb1 e5 27. Nf5 Kf8 {[%emt 0:00:15] Repels Ne7} 28. Kf1 Rd2 {[%emt 0:07:58][%cal Og7g6] Dodges Rc2} 29. Rb7 (29. e4 $11) 29... Nf6 $1 $17 30. Rc1 g6 (30... Rxa2 31. Nd6 Rd8 32. Nxc4 $16) ({Black should try} 30... c3 $17 {and ...Ne4 should not be overlooked} 31. Ke1 Ne4 (31... Rxa2 $2 32. Rxg7 Rb8 33. Rc7 $19) 32. Rxg7 Nxf2 (32... Rxa2 33. Rxh7 Rc5 34. Rh6 $17) 33. Rxc3 Rd1+ 34. Kxf2 Rxc3 35. Rxh7 Rd2+ 36. Kf3 e4+ (36... Rxa2 37. g4 $11) 37. Kxe4 Rxa2 (37... Rxg2 38. Ke5 $11)) 31. Nh6 {[%emt 0:00:32] [#]} (31. Ke1 $1 $11 {remains equal.} c3 (31... Rxa2 $2 32. Nd6 $18) 32. Ne7 (32. Rxc3 $2 Rxc3 33. Kxd2 Ne4+ 34. Kd1 gxf5 $19)) 31... Rd7 (31... c3 $1 $17 32. Ke1 (32. Rf7+ Ke8 $17) 32... Ne4 (32... Rxa2 $2 33. Rf7+ Ke8 34. Rxf6 $18) 33. Rxh7 Rc5 (33... Rxa2 $2 34. Rh8+ Kg7 35. Rxc8 $18) 34. Rf7+ Ke8) 32. Rxd7 $1 $11 Nxd7 {[%emt 0:00:06][%mdl 4096] Endgame KRN-KRN} 33. f3 Nf6 34. g4 (34. h3 $11) 34... Nd5 $15 35. Ke2 c3 36. g5 Rb8 (36... Ke7 $15) 37. Ng4 $11 Rb2+ 38. Kd3 Rxa2 39. Kc4 $1 Rd2 40. e4 $1 Nf4 ({Wrong is} 40... Rd4+ $2 41. Kb5 $18 (41. Kc5 Nf4 $11)) 41. Rxc3 (41. Nxe5 $2 Ne2 (41... Rxh2 42. Rxc3 Rh5 43. Ra3 $11) 42. Re1 Rd4+ 43. Kc5 c2 44. Rxe2 c1=Q+ $19 (44... c1=R+ $2 {too greedy.} 45. Kxd4 Rd1+ 46. Nd3 $18)) 41... Nh3 42. Nxe5 1/2-1/2

[Event "85th ARM-ch HL 2025"]
[Site "Yerevan"]
[Date "2025.01.21"]
[Round "8.2"]
[White "Harutyunyan, Tigran K."]
[Black "Hayrapetyan, Hovik"]
[Result "1-0"]
[Annotator "TA"]
[ECO "E24"]
[WhiteElo "2513"]
[BlackElo "2462"]
[PlyCount "85"]
[EventDate "2025.01.13"]
[EventType "tourn"]
[EventCountry "ARM"]
[SourceTitle "playchess.com"]
[Source "ChessBase"]
[SourceQuality "1"]
[TimeControl "40/5400+30:1800+30"]

1. d4 Nf6 2. c4 e6 3. Nc3 Bb4 4. a3 Bxc3+ 5. bxc3 b6 6. f3 Nc6 7. e4 Na5 8. Bg5 h6 {[%emt 0:00:43] Black is slightly better.} 9. Bh4 d6 10. Bd3 c5 11. f4 Bb7 12. Nf3 {[%emt 0:01:33] e5 would now be deadly.} Qc7 13. Bxf6 gxf6 14. Nd2 O-O-O 15. O-O h5 16. d5 f5 17. Nb3 Nxb3 18. Qxb3 fxe4 19. Bxe4 exd5 20. cxd5 c4 21. Qb4 (21. Qd1 $11) 21... Rde8 ({Better is} 21... Rhe8 $15 22. Rfe1 a5) 22. Bf3 Re3 23. Rae1 Rhe8 24. Rxe3 Rxe3 25. Kf2 Rd3 26. Rd1 Rxd1 27. Bxd1 Bxd5 $11 {[%emt 0:03:31][%mdl 4096] Endgame. KQB-KQB} 28. Qb5 ({Much weaker is} 28. Bxh5 Qc6 $15) 28... Qc5+ 29. Qxc5+ dxc5 30. Bxh5 {[%emt 0:01:04] KB-KB} b5 31. Bd1 Be4 32. g4 a5 33. Ke3 Bd3 (33... Bb1 $11) 34. h4 $16 {[%emt 0:05:23][%cal Bh2h4,Bh4h5][%mdl 32] aiming for h5.} Kd8 35. h5 Ke7 36. h6 {[%emt 0:02:10] And now a4 would win.} Kf8 {[%emt 0:01:02] [#]} ({Black should try} 36... Bb1 $1 $14) 37. g5 $2 (37. a4 $1 $18 b4 38. cxb4 cxb4 39. Kd4) 37... b4 {[%emt 0:05:23][%mdl 8192] A mistake that costs the game.} (37... Bf5 $11) 38. cxb4 $18 cxb4 39. axb4 axb4 {[%emt 0:00:04] White mates.} 40. Kd4 Bf1 41. Bc2 Kg8 42. f5 Be2 43. f6 {[%emt 0:03:07] Weighted Error Value: White=0.12 (very precise) /Black=0.15 (very precise) .  Loses game:     	---       	Black=1      Mistake:       	White=2     	Black=3      Inaccurate:     	White=2     	Black=5      OK:         	White=17    	Black=13     Best:        	White=2     	Black=1} 1-0

[Event "85th ARM-ch HL 2025"]
[Site "Yerevan"]
[Date "2025.01.21"]
[Round "8.3"]
[White "Agasarov, Benik"]
[Black "Hovhannisyan, Robert"]
[Result "1/2-1/2"]
[Annotator "RC"]
[ECO "C67"]
[WhiteElo "2387"]
[BlackElo "2626"]
[PlyCount "39"]
[EventDate "2025.01.13"]
[EventType "tourn"]
[EventCountry "ARM"]
[SourceTitle "playchess.com"]
[Source "ChessBase"]
[SourceQuality "1"]
[TimeControl "40/5400+30:1800+30"]

1. e4 e5 2. Nf3 Nc6 3. Bb5 Nf6 4. O-O Nxe4 5. Re1 Nd6 6. Nxe5 Be7 7. Bf1 Nxe5 8. Rxe5 O-O 9. d4 Bf6 10. Re1 Nf5 11. c3 d5 12. Nd2 Nd6 13. Nf3 c6 14. h3 Bf5 15. Bf4 a5 16. a4 Be4 17. Nd2 Bg6 18. Nf3 Be4 19. Nd2 Bg6 20. Nf3 1/2-1/2

[Event "85th ARM-ch HL 2025"]
[Site "Yerevan"]
[Date "2025.01.21"]
[Round "8.4"]
[White "Gharibyan, Mamikon"]
[Black "Sargsyan, Sargis Vach."]
[Result "1/2-1/2"]
[Annotator "TA"]
[ECO "C80"]
[WhiteElo "2486"]
[BlackElo "2370"]
[PlyCount "87"]
[EventDate "2025.01.13"]
[EventType "tourn"]
[EventCountry "ARM"]
[SourceTitle "playchess.com"]
[Source "ChessBase"]
[SourceQuality "1"]
[TimeControl "40/5400+30:1800+30"]

1. e4 e5 2. Nf3 Nc6 3. Bb5 a6 4. Ba4 Nf6 5. O-O Nxe4 6. Re1 Nc5 7. Bxc6 dxc6 8. Nxe5 Be7 9. d4 Ne6 10. Be3 O-O 11. c4 f6 12. Nf3 Ng5 13. Bxg5 fxg5 14. c5 Bf6 15. Ne5 {[%emt 0:11:58] Prevents Bg4.} Bxe5 16. Rxe5 Qf6 17. Qb3+ Kh8 18. Qe3 {[%emt 0:00:07] Active counter play!} Bf5 19. Nc3 Rad8 (19... h6 $11) 20. Re1 (20. Rf1 $14 {deserves consideration.}) 20... h6 $11 21. h3 g4 22. hxg4 Bxg4 23. d5 Bf5 24. Qg3 Rf7 25. R1e3 Rdf8 26. Rf3 Qd8 {[%emt 0:00:23] [#]} 27. d6 $1 cxd6 28. cxd6 Kh7 (28... Qxd6 29. Rfxf5 Rf6 30. Rxf6 Qxf6 31. Rc5 $18) 29. Re1 Rd7 30. Qe5 Bc2 31. Rxf8 Qxf8 32. Ne4 Bxe4 33. Qxe4+ {[%emt 0:00:01][%mdl 4096] Endgame KQR-KQR} Kh8 34. Qb4 {[%emt 0:01:01] Re7 would now be deadly.} Qxd6 35. Re8+ Kh7 36. Qe4+ $1 g6 $1 37. Re6 Qd1+ 38. Kh2 Qh5+ 39. Kg3 Qg5+ 40. Kh3 Qh5+ 41. Kg3 Qg5+ 42. Kh3 Rf7 43. f3 Rg7 44. f4 1/2-1/2

[Event "85th ARM-ch HL 2025"]
[Site "Yerevan"]
[Date "2025.01.21"]
[Round "8.5"]
[White "Petrosyan, Manuel"]
[Black "Andriasian, Zaven"]
[Result "1/2-1/2"]
[Annotator "TA"]
[ECO "B54"]
[WhiteElo "2590"]
[BlackElo "2554"]
[PlyCount "84"]
[EventDate "2025.01.13"]
[EventType "tourn"]
[EventCountry "ARM"]
[SourceTitle "playchess.com"]
[Source "ChessBase"]
[SourceQuality "1"]
[TimeControl "40/5400+30:1800+30"]

1. e4 c5 2. Nf3 d6 3. Bb5+ Bd7 4. c4 Nc6 5. d4 cxd4 6. Nxd4 g6 7. Nc3 Bg7 8. Be3 Nf6 9. h3 {[%emt 0:00:22] Against Ng4} O-O 10. O-O a6 11. Bxc6 bxc6 12. c5 Qb8 13. cxd6 exd6 14. Qc2 Re8 15. Rad1 c5 16. Nb3 Bc6 17. f3 a5 18. Bf4 Re6 19. Kh1 (19. Nxc5 $2 Qb6 20. Be3 (20. Bxd6 $2 Rxd6 21. Qf2 Bf8 $19) 20... dxc5 $19) 19... Nd7 20. Nd2 Ne5 {[%emt 0:01:49] Prevents Nc4} 21. b3 Qb4 22. Nd5 Bxd5 23. exd5 Ree8 24. Nc4 Nxc4 25. bxc4 Qb6 26. Rfe1 h5 27. Qa4 Rxe1+ 28. Rxe1 Bc3 29. Rc1 Bd4 30. Qb5 (30. Qc6 $6 Qxc6 31. dxc6 Rc8 $16) 30... Qc7 31. Rb1 ({Much less strong is} 31. Qc6 $6 Qxc6 32. dxc6 Rc8 $16) 31... a4 32. Qc6 Qxc6 33. dxc6 $11 {[%emt 0:00:01][%cal Oc6c7][%mdl 4096] Endgame Strongly threatening c7!. KRB-KRB} Rc8 34. Rb6 ({Of course not} 34. Bxd6 Rxc6 35. Rb8+ Kg7 36. Bf8+ Kf6 $17) 34... Be5 35. Bd2 Kf8 36. f4 Bd4 37. Ba5 Ke7 38. g4 hxg4 39. hxg4 Ke6 40. Kg2 d5 41. c7+ Kd7 42. cxd5 (42. Rb8 dxc4 43. Kf3 c3) 42... Rxc7 1/2-1/2